 Dungeon Crawl Stone Soup version 0.30-a0-743-gbfdf073431 (webtiles) character file.

Game seed: 9651080117461610893

67 kingofthe the Conjurer (level 4, -3/27 HPs)
             Began as an Octopode Conjurer on Feb 5, 2023.
             Killed from afar by an orc wizard (9 damage)
             ... with a magic dart
             ... on level 2 of the Dungeon.
             The game lasted 00:04:49 (1808 turns).

kingofthe the Conjurer (Octopode Conjurer)          Turns: 1808, Time: 00:04:50

Health: -3/27      AC:  1    Str:  6    XL:     4   Next: 18%
Magic:  2/7        EV: 13    Int: 20    God:
Gold:   134        SH:  0    Dex: 12    Spells: 5/8 levels left

rFire   . . .      SeeInvis .    l - +0 whip
rCold   . . .      Faith    .    (no shield)
rNeg    . . .      Spirit   .    (helmet restricted)
rPois   .          Reflect  .    j - amulet of the acrobat
rElec   .          Harm     .    (no ring)
rCorr   .          Rampage  .    (no ring)
Will    .....                    (no ring)
Stlth   +++                      (no ring)
HPRegen 0.24/turn                (no ring)
MPRegen 0.10/turn                (no ring)
                                 (no ring)
                                 (no ring)

@: no status effects
A: almost no armour, amphibious, 8 rings, camouflage 1, gelatinous body 1,
(nimble swimmer 1), tentacles
a: no special abilities


You were on level 2 of the Dungeon.
You visited 1 branch of the dungeon, and saw 3 of its levels.

You collected 134 gold pieces.

Inventory:

Hand Weapons
 l - a +0 whip (weapon)
Jewellery
 j - an amulet of the acrobat (around mantle)
Scrolls
 a - a scroll of magic mapping {unknown}
 c - a scroll of noise {unknown}
 d - a scroll of brand weapon {unknown}
 e - a scroll of immolation {unknown}
 f - a scroll of identify {unknown}
 g - a scroll of teleportation {unknown}
 h - a scroll of enchant armour {unknown}
Potions
 b - 2 potions of haste {unknown}
 i - a potion of attraction {unknown}
 k - a potion of lignification {unknown}


   Skills:
 * Level 3.1 Dodging
 + Level 3.6 Stealth
 + Level 2.5 Spellcasting
 + Level 4.3 Conjurations


You had 5 spell levels left.
You knew the following spells:

 Your Spells              Type           Power      Damage    Failure   Level
a - Magic Dart            Conj           76%        1d6       2%          1
b - Searing Ray           Conj           38%        2d5       3%          2

Your spell library contained the following spells:

 Spells                   Type           Power      Damage    Failure   Level
 Kiss of Death            Conj/Necr      44%        2d8       6%          1
 Dazzling Flash           Conj/Hex       22%        N/A       19%         3
 Fulminant Prism          Conj/Hex       5%         3d7       52%         4
 Iskenderun's Mystic Bla  Conj/Tloc      11%        2d4       52%         4


Dungeon Overview and Level Annotations

Branches:
Dungeon (3/15)

Altars:

Shops:
D:1 *


Innate Abilities, Weirdness & Mutations

You cannot wear most types of armour.
You are amphibious.
You can wear up to eight rings at the same time.
Your skin changes colour to match your surroundings (Stealth+).
Your rubbery body absorbs attacks. (AC +1, EV +1)
((You are camouflaged when in or above water. (Stealth+)))
You have tentacles for arms and can constrict up to eight enemies at once.


Message History

The orc wizard misses you.
A ball python comes into view.
Casting: Searing Ray (safe; 3% risk of failure)
Confirm with . or Enter, or press ? or * to list all spells.
Aiming: Searing Ray (safe; 3% risk of failure)
Press: ? - help, Shift-Dir - straight line, f - orc wizard
Aim: an orc wizard, wielding a +0 dagger and wearing a +0 robe (heavily wounded, 72% to hit)
The searing ray hits the orc wizard.
The orc wizard is almost dead. (Press . to maintain the ray.)
The ball python hisses angrily.
The orc wizard casts a spell.
The orc wizard flickers and vanishes!
Deactivating autopickup; reactivate with Ctrl-A.
Without enough magic to sustain it, your searing ray dissipates.
Something hits you. Something hits you.
You climb upwards.
Reactivating autopickup.
There is a stone staircase leading down here.
Something hits you.
Deactivating autopickup; reactivate with Ctrl-A.
Something barely misses you. Something barely misses you. Something hits you.
Something closely misses you.
You hear some strange, mumbled words.
Something tries to affect you, but you resist.
A magic dart appears from out of thin air!
The magic dart hits you.
A magic dart appears from out of thin air!
The magic dart hits you.
* * * LOW HITPOINT WARNING * * *
Something hits you.
* * * LOW HITPOINT WARNING * * *
You barely miss something.
You hear some strange, mumbled words.
A magic dart appears from out of thin air!
The magic dart hits you!
You die...

..#.##.# #.# #.#
....##.#####.########.#
#..........#..........#
.<#....###.############
#........#.# ###.##...#.#
#.##...#.# #........########
######..........@.#
.##.##.......####{#
.##.##......># #.#
.##....#.#.#.# #.#
.......#.#.#.####.########
)......#.#...............####
......##.#......########....##
......##.#......# ####..#
......##.#......# ##.#


There were no monsters in sight!

Vanquished Creatures
  An adder (D:2)
  A worm (D:2)
  4 orcs (D:3)
  4 ball pythons
  2 bats (D:1)
  4 endoplasms (D:1)
  2 giant cockroaches
  3 hobgoblins
  5 jackals
  3 kobolds
  2 quokkas (D:1)
  3 frilled lizards (D:1)
  5 goblins
  7 rats
46 creatures vanquished.

Vanquished Creatures (others)
  A fungus (D:2)
1 creature vanquished.

Grand Total: 47 creatures vanquished

Notes
Turn   | Place    | Note
-------+----------+-------------------------------------------
     0 | D:1      | kingofthe the Octopode Conjurer began the quest for the
                  | Orb.
     0 | D:1      | Reached XP level 1. HP: 11/11 MP: 3/3
     6 | D:1      | Found Hezyimon's Assorted Antiques.
   160 | D:1      | Reached XP level 2. HP: 17/17 MP: 1/5
   281 | D:1      | Learned a level 2 spell: Searing Ray
   511 | D:1      | Reached XP level 3. HP: 21/21 MP: 2/6
  1294 | D:2      | Found a faded altar of an unknown god.
  1298 | D:2      | Got Plato's Parchment of Iniquitous Deeds
  1575 | D:2      | Reached XP level 4. HP: 27/27 MP: 2/7
  1808 | D:2      | Killed from afar by an orc wizard

Illustrated notes

Levels and vault maps discovered:
D:1:      amcnicky_arrival_single_pillar, layout_basic, serial_shops, shop,
          minmay_misc_feat_nine_boxes
D:2:      layout_basic, shapermc_ecumenical_altar_rom_forum,
          nicolae_elevator_lobby_asterisk
D:3:      layout_rooms, serial_shops, nicolae_shop_trees

Skill      XL: |  1  2  3 |
---------------+----------+-----
Stealth        | 3 |  3.6
Dodging        | 3 |  3.1
Spellcasting   | |  2.5
Conjurations   | |  4.3

Action                     |  1- 3 |  4- 6 || total
---------------------------+-------+-------++-------
  Melee: Unarmed           |     5 |       ||     5
         Constrict         |     2 |       ||     2
         Tentacles         |     2 |       ||     2
         Whip              |       |     1 ||     1
   Cast: Magic Dart        |    62 |     3 ||    65
         Searing Ray       |     4 |     3 ||     7
    Use: Potion            |     1 |       ||     1
  Dodge: Dodged            |    13 |     6 ||    19

Table legend: (Time is in decaauts)
 A = Elapsed time spent in this place.
 B = Non-inter-level travel time spent in this place.
 C = Inter-level travel time spent in this place.
 D = Time resting spent in this place.
 E = Time spent auto-exploring this place.
 F = Levels seen in this place.
 G = Mean time per level.
                   A        B        C        D        E       F      G
               +--------+--------+--------+--------+--------+-----+--------+
         Total |   1809 |   1706 |    103 |    205 |   1303 |   3 |  603.0 |
       Dungeon |   1809 |   1706 |    103 |    205 |   1303 |   3 |  603.0 |
               +--------+--------+--------+--------+--------+-----+--------+

Top non-repeatable levels by time:
     D:1: 959 daAuts
     D:2: 834 daAuts
     D:3: 15 daAuts
